 Dungeon Crawl Stone Soup version 0.30-a0-137-gd8773701ce (webtiles) character file.

Game seed: 17259959697072478726

177 lunkers the Cudgeller (level 6, -2/53 HPs)
             Began as a Meteoran Fighter on Sept 24, 2022.
             Was a Follower of the Shining One.
             Slain by an ogre
             ... wielding a +0 giant spiked club
              (18 damage)
             ... on level 5 of the Dungeon.
             The game lasted 00:04:05 (1285 turns).

lunkers the Cudgeller (Meteoran Fighter)            Turns: 1285, Time: 00:04:06

Health: -2/53      AC:  8    Str: 19    XL:     6   Next: 13%
Magic:  5/8        EV:  9    Int: 10    God:    the Shining One [*.....]
Gold:   120        SH: 12    Dex: 14    Spells: 5/5 levels left

rFire   . . .      SeeInvis .    a - +0 flail
rCold   . . .      Faith    .    c - +0 buckler
rNeg    . . .      Spirit   .    b - +0 scale mail
rPois   .          Reflect  .    (no helmet)
rElec   .          Harm     .    (no cloak)
rCorr   .          Rampage  .    n - +0 pair of gloves
Will    .....                    (no boots)
Stlth   ..........               (no amulet)
HPRegen 0.17/turn                (no ring)
MPRegen 0.11/turn                (no ring)

@: divinely shielded, glowing
A: sense surroundings 1, otherworldly, glowing, explore regen
a: Renounce Religion, Divine Shield


You were on level 5 of the Dungeon.
You worshipped the Shining One.
The Shining One was aware of your devotion.
You visited 1 branch of the dungeon, and saw 6 of its levels.

You collected 120 gold pieces.

Inventory:

Hand Weapons
 a - a +0 flail (weapon)
Missiles
 e - 7 poisoned darts (quivered)
Armour
 b - a +0 scale mail (worn)
 c - a +0 buckler (worn)
 j - a +0 kite shield
 n - a +0 pair of gloves (worn)
Scrolls
 f - a scroll of vulnerability {unknown}
 h - a scroll of enchant weapon {unknown}
 k - a scroll of magic mapping {unknown}
 m - a scroll of poison {unknown}
 p - 2 scrolls of amnesia {unknown}
 q - 2 scrolls of teleportation {unknown}
Potions
 d - a potion of might
 g - 2 potions of curing {unknown}
 i - 4 potions of flight {unknown}
 l - a potion of magic {unknown}
 o - a potion of lignification {unknown}


   Skills:
 + Level 4.5 Fighting
 * Level 6.0 Maces & Flails
 - Level 3.6 Armour
 - Level 3.6 Shields
 + Level 1.6 Invocations


You had 5 spell levels left.
You didn't know any spells.
Your spell library contained the following spells:

 Spells                   Type           Power      Damage    Failure   Level
 Slow                     Hex            0%         N/A       82%         1
 Confusing Touch          Hex            0%         N/A       99%         3
 Vampiric Draining        Necr           0%         2d6       99%         3


Dungeon Overview and Level Annotations

Branches:
Dungeon (6/15) Zot: 2286
 Temple: D:4-7

Altars:
The Shining One


Innate Abilities, Weirdness & Mutations

You passively map a small area around you.
You are easily found by Zot.
You glow in the dark.
You regain HP and MP as you explore.


Message History

You see here a +0 mace.
You see here a +0 mace.
There is a stone staircase leading down, spattered with blood here.
You climb downwards.
The orc wizard hits you but does no damage.
The orc hits you from afar with a +0 trident. x2
The orc wizard barely misses you.
There is a stone staircase leading up here.
The ogre hits you with a +0 giant spiked club!!
* * * LOW HITPOINT WARNING * * *
The orc wizard hits you but does no damage.
The orc barely misses you.
You climb upwards.
There is a stone staircase leading down, spattered with blood here.
Your shield is strengthened by the Shining One's divine power.
The orc wizard hits you but does no damage.
You barely miss the ogre. The ogre completely misses you.
The orc wizard hits you but does no damage.
Unknown command.
You hit the ogre but do no damage. You block the ogre's attack.
You block the orc wizard's attack.
Unknown command.
You sock the ogre!
The ogre is moderately wounded.
You block the orc wizard's attack. You block the ogre's attack.
Unknown command.
You sock the ogre!
The ogre is heavily wounded.
The orc wizard hits you with a +0 dagger.
* * * LOW HITPOINT WARNING * * *
Unknown command.
You hit the ogre but do no damage.
The ogre is heavily wounded.
You block the ogre's attack. The orc wizard closely misses you.
The orc wizard hits you with a +0 dagger.
* * * LOW HITPOINT WARNING * * *
You hit the ogre.
The ogre is heavily wounded.
The ogre hits you with a +0 giant spiked club!!
You die...

#.############ *
#####.#.....).....
*
#........#########
#.##.....#
#.#####.#......#
#............#.#
######.###.##.#
#O# #.##.#
#@###.##.#
#[o......#
#####.#### #.# #.#
#.# #####.######
########
#..........#
#......#
#.###.####.#######


You could see an ogre and an orc wizard.

Vanquished Creatures
  A hound (D:5)
  An orc priest (D:5)
  4 gnolls
  2 adders
  A worm (D:3)
  2 dart slugs
  8 orcs
  2 bats
  3 endoplasms (D:3)
  4 giant cockroaches
  5 goblins
  3 hobgoblins
  4 jackals (D:4)
  A quokka (D:3)
  3 ball pythons
  3 frilled lizards
47 creatures vanquished.

Notes
Turn   | Place    | Note
-------+----------+-------------------------------------------
     0 | D:1      | lunkers the Meteoran Fighter began the quest for the Orb.
     0 | D:1      | Reached XP level 1. HP: 19/19 MP: 2/2
    61 | D:1      | Reached skill level 3 in Maces & Flails
   103 | D:1      | Reached XP level 2. HP: 25/26 MP: 3/3
   148 | D:1      | Reached XP level 3. HP: 19/31 MP: 4/4
   222 | D:2      | Reached skill level 4 in Maces & Flails
   224 | D:2      | Reached XP level 4. HP: 19/40 MP: 5/5
   356 | D:2      | Found a faded altar of an unknown god.
   374 | D:2      | Prayed at the altar of an unknown god.
   374 | D:2      | Became a worshipper of the Shining One
   374 | D:2      | Reached * piety under the Shining One
   477 | D:3      | Reached skill level 5 in Maces & Flails
   638 | D:4      | Reached XP level 5. HP: 45/46 MP: 6/6
  1011 | D:5      | Entered Level 5 of the Dungeon
  1024 | D:5      | Reached skill level 1 in Invocations
  1262 | D:6      | Noticed an ogre
  1265 | D:5      | Reached skill level 6 in Maces & Flails
  1265 | D:5      | Reached XP level 6. HP: 47/53 MP: 6/8
  1285 | D:5      | Slain by an ogre

Illustrated notes

Levels and vault maps discovered:
D:1:      dpeg_arrival_radiant, layout_basic
D:2:      layout_basic, hellmonk_ecumenical_altar_arch_garden, basic_altar
D:3:      layout_loops_ring, minmay_overflow_temple_hex, grunt_ministairs_12
D:4:      layout_loops_ring
D:5:      layout_loops_corners, minmay_temple_entry_junction
D:6:      layout_loops_ring, serial_bayou_lagoon_a, nicolae_eternal_life,
          chequers_serial_rivers_micro_a, hangedman_decor_growths

Skill      XL: |  1  2  3  4  5 |
---------------+----------------+-----
Maces & Flails | 3 4 5 6 |  6.0
Fighting       | 4 |  4.5
Invocations    | 1 |  1.6
Armour         | |  3.6
Shields        | |  3.6

Action                   |  1- 3 |  4- 6 || total
-------------------------+-------+-------++-------
Melee: Flail             |    26 |   105 ||   131
Throw: Dart              |       |    14 ||    14
Invok: Divine Shield     |       |     1 ||     1
Armor: Scale mail        |    17 |    41 ||    58
Dodge: Dodged            |    11 |    53 ||    64
Block: Buckler           |     8 |    23 ||    31

Table legend: (Time is in decaauts)
 A = Elapsed time spent in this place.
 B = Non-inter-level travel time spent in this place.
 C = Inter-level travel time spent in this place.
 D = Time resting spent in this place.
 E = Time spent auto-exploring this place.
 F = Levels seen in this place.
 G = Mean time per level.
                   A        B        C        D        E       F      G
               +--------+--------+--------+--------+--------+-----+--------+
         Total |   1312 |   1293 |     19 |      0 |    509 |   6 |  218.7 |
       Dungeon |   1312 |   1293 |     19 |      0 |    509 |   6 |  218.7 |
               +--------+--------+--------+--------+--------+-----+--------+

Top non-repeatable levels by time:
     D:4: 333 daAuts
     D:3: 280 daAuts
     D:5: 267 daAuts
     D:2: 255 daAuts
     D:1: 165 daAuts
     D:6: 10 daAuts
